 Dungeon Crawl Stone Soup version 0.30.0-5-g1a98f26d00 (webtiles) character file.

Game seed: 18086924985281343395

27 hogiebunz the Shooter (level 3, -3/22 HPs)
             Began as a Kobold Hunter on May 10, 2023.
             Slain by Robin
             ... wielding a +0 trident
              (7 damage)
             ... on level 2 of the Dungeon.
             The game lasted 00:00:54 (807 turns).

hogiebunz the Shooter (Kobold Hunter)                Turns: 807, Time: 00:00:54

Health: -3/22      AC:  3    Str:  8    XL:     3   Next: 25%
Magic:  3/3        EV: 15    Int: 10    God:
Gold:   6          SH:  0    Dex: 20    Spells: 2/2 levels left

rFire   . . .        a - +0 shortbow
rCold   . . .        (shield currently unavailable)
rNeg    . . .        c - +0 leather armour
rPois   .            (no helmet)
rElec   .            (no cloak)
rCorr   .            (no gloves)
SInv    .            (no boots)
Will    .....        (no amulet)
Stlth   +++          (no ring)
HPRegen 0.23/turn    (no ring)
MPRegen 0.08/turn

%: no passive effects
@: no status effects
A: small, no large weapons, nightstalker 3
a: no special abilities


You were on level 2 of the Dungeon.
You visited 1 branch of the dungeon, and saw 2 of its levels.

You collected 6 gold pieces.

Inventory:

Hand Weapons
 a - a +0 shortbow (weapon)
Armour
 c - a +0 leather armour (worn)
Scrolls
 b - a scroll of immolation
 g - a scroll of identify {unknown}
Potions
 d - a potion of cancellation {unknown}
 e - a potion of heal wounds {unknown}
 f - a potion of curing {unknown}


   Skills:
 + Level 2.7 Fighting
 + Level 5.6 Ranged Weapons
 + Level 3.0 Dodging
 + Level 2.3 Stealth


You had 2 spell levels left.
You didn't know any spells.
Your spell library was empty.

Dungeon Overview and Level Annotations

Branches:
Dungeon (2/15)

Altars:

Annotations:
D:2 Robin


Innate Abilities, Weirdness & Mutations

You are small and have problems with some larger weapons.
You are completely attuned to the shadows.


Message History

Robin is lightly wounded.
Robin roars a battlecry!
You hear a shout!
You shoot an arrow. The arrow hits Robin!
Robin is severely wounded.
You shoot an arrow. The arrow hits Robin.
Robin is almost dead.
A goblin comes into view. It is wielding a +0 club. x2
You shoot an arrow. The arrow barely misses Robin.
The arrow hits the goblin.
The goblin is heavily wounded.
Robin hits you from afar with a +0 trident.
A goblin comes into view. It is wielding a +0 dagger.
You shoot an arrow. The arrow closely misses Robin.
The arrow hits the goblin.
You kill the goblin!
Robin misses you.
A goblin comes into view. It is wielding a +0 dagger.
A hobgoblin comes into view.
Robin hits you from afar with a +0 trident.
Your Dodging skill increases to level 3!
You shoot an arrow.
The arrow hits Robin but does no damage.
Robin is almost dead.
Robin hits you from afar with a +0 trident!
A hobgoblin comes into view.
You are too injured to fight recklessly!
You are too injured to fight recklessly!
You are too injured to fight recklessly!
A hobgoblin comes into view.
Robin throws the goblin at you! The goblin barely misses you.
You see here a +0 club.
You shoot an arrow. The arrow closely misses Robin.
The hobgoblin shouts!
The arrow hits the goblin!
You kill the goblin!
Robin hits you with a +0 trident!
* * * LOW HITPOINT WARNING * * *
A goblin comes into view. It is wielding a +0 dagger.
A goblin comes into view. It is wielding a +0 club.
The goblin hits you but does no damage. Robin hits you with a +0 trident!
You die...

#.# #.# #.#
#.# #.# #.#
.# #.#
ggg######.#
gggg@g....#
###########


You could see Robin, 3 hobgoblins and 4 goblins.

Vanquished Creatures
  4 endoplasms (D:1)
  A giant cockroach (D:1)
  4 hobgoblins (D:1)
  A kobold (D:1)
  2 ball pythons (D:1)
  4 bats (D:1)
  7 goblins
23 creatures vanquished.

Notes
Turn   | Place    | Note
-------+----------+-------------------------------------------
     0 | D:1      | hogiebunz the Kobold Hunter began the quest for the Orb.
     0 | D:1      | Reached XP level 1. HP: 12/12 MP: 1/1
   144 | D:1      | Reached XP level 2. HP: 18/18 MP: 2/2
   427 | D:1      | Reached XP level 3. HP: 19/22 MP: 3/3
   799 | D:2      | Noticed Robin
   807 | D:2      | Slain by Robin

Illustrated notes

Levels and vault maps discovered:
D:1:      lemuel_arrival_tunnels, layout_basic
D:2:      layout_loops_corners, basic_altar, minmay_tiny_reverse_x, uniq_robin

Skill      XL: |  1  2  3 |
---------------+----------+-----
Stealth        | 2 |  2.3
Dodging        | 3 |  3.0
Fighting       | |  2.7
Ranged Weapons | |  5.6

Action                     || total
---------------------------++-------
   Fire: Shortbow          ||    45
 Armour: Leather armour    ||     3
  Dodge: Dodged            ||    10
